AoeStats
← Alan

Arabia

510381789Analyzed
2v2 RM · 2d ago on Sep 30, 2026· 20m 26s· 4 players
Game mode
Random Map
Map size
Medium (4 player)
Population
200
Speed
Normal
Resources
Standard
Victory
Conquest
Starting age
Dark Age
Ending age
Imperial Age
RankedLock teamsTeams togetherTeam positionsShared explorationLock speedFull tech treeHidden civsTurbo modeCheats
Victory
Defeat
🇬🇧 Ethiopians · United Kingdom
1061
+16
🇩🇪 Malians · Germany
1057
+16
🇹🇷 Aztecs · Türkiye
1061
-16
1059
-16
birol.ogluoglu
7:41 Loom
10:28 Feudal Age
11:13 Horse Collar
11:22 Double-Bit Axe
^1Hellraiser ^2Ma^7Ca^1Na
1:04 Loom
11:20 Feudal Age
11:39 Man-at-Arms
13:00 Double-Bit Axe
14:02 Horse Collar
15:05 Wheelbarrow
21:03 Bloodlines
Alan
8:22 Loom
10:39 Feudal Age
12:38 Double-Bit Axe
19:45 Castle Age
17:40 Horse Collar
19:58 Fletching
20:08 Padded Archer Armor
21:18 Wheelbarrow
20:20 Elite Skirmisher
Salsa
7:04 Loom
9:32 Feudal Age
10:09 Double-Bit Axe
11:33 Horse Collar
23:02 Castle Age
Connection lost

Rejoining the realm…

Still unreachable

The connection could not be restored.

Session expired

The server has moved on; the page needs a fresh start.